 Dungeon Crawl Stone Soup version 0.29.1-2-gbd0b4ee654 (webtiles) character file.

Game seed: 14734544653170654925

44 xian the Sneak (level 3, 0/19 HPs)
             Began as a Kobold Enchanter on Nov 8, 2022.
             Slain by a gnoll
             ... wielding a +0 whip
              (5 damage)
             ... on level 2 of the Dungeon.
             The game lasted 00:02:37 (1418 turns).

xian the Sneak (Kobold Enchanter)                   Turns: 1418, Time: 00:02:38

Health: 0/19       AC:  3    Str:  5    XL:     3   Next: 85%
Magic:  1/6        EV: 14    Int: 18    God:
Gold:   68         SH:  0    Dex: 15    Spells: 4/6 levels left

rFire   . . .      SeeInvis .   a - +1 dagger
rCold   . . .      Faith    .   (no shield)
rNeg    . . .      Spirit   .   j - +0 leather armour
rPois   .          Reflect  .   (no helmet)
rElec   .          Harm     .   (no cloak)
rCorr   .          Rampage  .   (no gloves)
Will    .....                   (no boots)
Stlth   ++++......              (no amulet)
HPRegen 0.06/turn               b - ring of flight
MPRegen 0.10/turn               (no ring)

@: flying, very slightly contaminated
A: small, no large weapons, nightstalker 3
a: no special abilities


You were on level 2 of the Dungeon.
You visited 1 branch of the dungeon, and saw 2 of its levels.

You collected 68 gold pieces.

Inventory:

Hand Weapons
 a - a +1 dagger (weapon)
Missiles
 f - 6 poisoned darts (quivered)
Armour
 j - a +0 leather armour (worn)
Jewellery
 b - a ring of flight (left hand)
Scrolls
 e - a scroll of butterflies {unknown}
 g - 3 scrolls of noise {unknown}
 k - a scroll of teleportation {unknown}
Potions
 c - 2 potions of invisibility
 d - 2 potions of magic {unknown}
 h - 2 potions of curing {unknown}
 i - a potion of ambrosia {unknown}


   Skills:
 + Level 0.1 Fighting
 + Level 1.6 Short Blades
 + Level 0.6 Armour
 + Level 2.7 Dodging
 + Level 4.6 Stealth
 + Level 2.3 Spellcasting
 + Level 3.6 Hexes


You had 4 spell levels left.
You knew the following spells:

 Your Spells              Type           Power      Damage    Failure   Level
a - Ensorcelled Hibernat  Hex/Ice        16%        N/A       21%         2

Your spell library contained the following spells:

 Spells                   Type           Power      Damage    Failure   Level
 Confusing Touch          Hex            15%        N/A       19%         3
 Tukima's Dance           Hex            15%        N/A       19%         3
 Beastly Appendage        Tmut           4%         N/A       28%         1
 Dazzling Flash           Conj/Hex       16%        N/A       38%         3
 Wereblood                Tmut           2%         N/A       41%         2
 Spider Form              Tmut/Pois      2%         N/A       65%         3


Dungeon Overview and Level Annotations

Branches:
Dungeon (2/15)

Altars:


Innate Abilities, Weirdness & Mutations

You are small and have problems with some larger weapons.
You are completely attuned to the shadows.


Message History

Magic restored.
You start resting.
HP restored.
You fly downwards.
There is a stone staircase leading up here.
The gnoll shouts!
Casting: Ensorcelled Hibernation (safe; 22% risk of failure)
Confirm with . or Enter, or press ? or * to list all spells.
Aiming: Ensorcelled Hibernation (safe; 22% risk of failure)
Press: ? - help, Shift-Dir - straight line, f - gnoll
Aim: a gnoll, wielding a +0 club (chance to affect: 50%)
The gnoll looks drowsy...
The helpless gnoll fails to defend itself.
You impale the gnoll!!
You kill the gnoll!
You see here a +0 club.
The gnoll shouts!
You see here 6 gold pieces.
You now have 68 gold pieces (gained 6).
Casting: Ensorcelled Hibernation (safe; 21% risk of failure)
Confirm with . or Enter, or press ? or * to list all spells.
Aiming: Ensorcelled Hibernation (safe; 21% risk of failure)
Press: ? - help, Shift-Dir - straight line, f - gnoll
Aim: a gnoll, wielding a +0 whip (chance to affect: 50%)
You miscast Ensorcelled Hibernation.
You are very lightly contaminated with residual magic.
Nothing appears to happen.
The gnoll hits you but does no damage.
Unknown command.
Casting: Ensorcelled Hibernation (safe; 21% risk of failure)
Confirm with . or Enter, or press ? or * to list all spells.
Aiming: Ensorcelled Hibernation (safe; 21% risk of failure)
Press: ? - help, Shift-Dir - straight line, f/p - gnoll
Aim: a gnoll, wielding a +0 whip (chance to affect: 50%)
The gnoll resists with some effort.
The gnoll hits you with a +0 whip! The gnoll attacks as you move away!
The gnoll barely misses you. The gnoll attacks as you move away!
The gnoll hits you with a +0 whip. The gnoll attacks as you move away!
The gnoll hits you with a +0 flail.
* * * LOW HITPOINT WARNING * * *
The gnoll attacks as you move away! The gnoll hits you with a +0 whip.
You die...

........#
........##
..........#
........#.###
.............
.............
###.#)gg.....
#.#..@.....
#..........
#.#...<....
............
...#........
###........
#########


You could see 2 gnolls.

Vanquished Creatures
  2 gnolls
  An adder (D:1)
  3 ball pythons (D:1)
  2 endoplasms (D:1)
  A hobgoblin (D:1)
  2 jackals (D:1)
  A kobold (D:1)
  2 goblins (D:1)
  A rat (D:1)
15 creatures vanquished.

Notes
Turn   | Place    | Note
-------+----------+-------------------------------------------
     0 | D:1      | xian the Kobold Enchanter began the quest for the Orb.
     0 | D:1      | Reached XP level 1. HP: 10/10 MP: 3/3
   336 | D:1      | Reached XP level 2. HP: 15/15 MP: 5/5
   963 | D:1      | Learned a level 2 spell: Ensorcelled Hibernation
  1213 | D:1      | Reached XP level 3. HP: 11/19 MP: 3/6
  1418 | D:2      | Slain by a gnoll

Illustrated notes

Levels and vault maps discovered:
D:1:      nicolae_arrival_washed_ashore, layout_basic
D:2:      layout_loops_ring, ebering_ecumenical_altar_webs, minmay_hexomino_c4

Action                   || total
-------------------------++-------
Melee: Dagger            ||    45
       Punch             ||     2
 Cast: Ensorcelled Hiber ||     3
 Stab: Sleeping          ||     8
Armor: Leather armour    ||    16
Dodge: Dodged            ||    40
